 Dungeon Crawl Stone Soup version 0.26-a0-800-g517d6fe721 (webtiles) character file.

Game seed: 15843009695115896821

70 robertstho the Grave Robber (level 4, 0/24 HPs)
             Began as a Deep Elf Necromancer on Nov 11, 2020.
             Killed from afar by Sigmund (5 damage)
             ... with a magic dart
             ... on level 2 of the Dungeon.
             The game lasted 00:02:52 (2574 turns).

robertstho the Grave Robber (Deep Elf Necromancer)  Turns: 2574, Time: 00:02:52

Health: 0/24       AC:  3    Str:  5    XL:     4   Next: 4%
Magic:  11/11      EV: 13    Int: 21    God:
Gold:   38         SH:  0    Dex: 15    Spells: 5/10 levels left

rFire    . . .     SeeInvis .   m - +0 spear
rCold    . . .     Faith    .   (no shield)
rNeg     . . .     Spirit   .   a - +0 robe
rPois    .         Reflect  .   (no helmet)
rElec    .         Harm     .   (no cloak)
rCorr    .         Rampage  .   i - +0 pair of gloves
MR       .....                  (no boots)
Stlth    ++........             (no amulet)
HPRegen  0.08/turn              (no ring)
MPRegen  0.12/turn              (no ring)

@: no status effects
A: no striking features
a: no special abilities


You were on level 2 of the Dungeon.
You visited 1 branch of the dungeon, and saw 2 of its levels.

You collected 38 gold pieces.

Inventory:

Hand Weapons
 d - a +0 short sword
 m - a +0 spear (weapon)
Missiles
 l - 14 poisoned darts (quivered)
Armour
 a - a +0 robe (worn)
 i - a +0 pair of gloves (worn)
Scrolls
 c - 2 scrolls of noise {unknown}
 e - 2 scrolls of identify {unknown}
 g - a scroll of remove curse {unknown}
 j - a scroll of blinking {unknown}
 k - a scroll of fog {unknown}
Potions
 b - a potion of berserk rage {unknown}
 f - a potion of degeneration {unknown}
 h - 3 potions of brilliance {unknown}


   Skills:
 + Level 2.6 Dodging
 + Level 2.6 Stealth
 * Level 3.9 Spellcasting
 * Level 6.1 Necromancy


You had 5 spell levels left.
You knew the following spells:

 Your Spells              Type           Power        Failure   Level
a - Pain                  Necr           ####         1%          1
b - Animate Skeleton      Necr           ####..       1%          1
c - Vampiric Draining     Necr           ####......   3%          3

Your spell library contained the following spells:

 Spells                   Type           Power        Failure   Level
 Animate Dead             Necr           ####......   10%         4
 Apportation              Tloc           #.....       12%         1
 Corona                   Hex            #......      12%         1
 Summon Small Mammal      Summ           #...         12%         1
 Agony                    Necr           ####....     26%         5


Dungeon Overview and Level Annotations

Branches:
Dungeon (2/15)

Altars:

Annotations:
D:2 Sigmund


Message History

The dead are walking!
Things that are here:
a +0 hunting sling; 14 stones Something hits you.
You swap places.
Something hits your goblin skeleton but does no damage.
No target in view!
You hear some strange, mumbled words.
Something tries to affect you, but you resist.
You hear some strange, mumbled words.
Something tries to affect you, but you resist.
You barely miss something. Something hits you! Something hits you!
* * * LOW HITPOINT WARNING * * *
Your goblin skeleton resists with significant effort.
A leopard gecko comes into view.
Found 11 gold pieces.
A magic dart appears from out of thin air!
The magic dart hits you.
You die...

### .. .# .# # .# #.
#.#
)######.######.#### #
#.#
...........l......##.#
#.# ..#######
#..$.@....# #.# ..#
###.##.#### #.# #.# ..
#.# #.# #.# #. #.# #.#
#.# # #.# ##.## #.# #
#.#####...####### ..#
#. #.{.Z...#........
#.# #.#
#.#####...######. #.#
...# #.######.##


You could see a leopard gecko (asleep).

Vanquished Creatures
  A hound (D:2)
  A gnoll (D:1)
  A dart slug (D:1)
  A leopard gecko (D:2)
  2 bats
  A giant cockroach (D:1)
  9 goblins
  3 hobgoblins
  A frilled lizard (D:1)
  4 kobolds
  4 rats
28 creatures vanquished.

Vanquished Creatures (collateral kills)
  A kobold (D:1)
1 creature vanquished.

Grand Total: 29 creatures vanquished

Notes
Turn   | Place    | Note
-------+----------+-------------------------------------------
     0 | D:1      | robertstho the Deep Elf Necromancer began the quest for the
                  | Orb.
     0 | D:1      | Reached XP level 1. HP: 10/10 MP: 6/6
    83 | D:1      | Reached skill level 5 in Necromancy
   108 | D:1      | Reached XP level 2. HP: 4/15 MP: 5/8
   111 | D:1      | Learned a level 1 spell: Animate Skeleton
  1308 | D:1      | Reached XP level 3. HP: 19/19 MP: 9/9
  1910 | D:2      | Learned a level 3 spell: Vampiric Draining
  2082 | D:2      | Reached skill level 6 in Necromancy
  2447 | D:2      | Reached XP level 4. HP: 19/24 MP: 5/11
  2548 | D:2      | Noticed Sigmund
  2574 | D:2      | Killed from afar by Sigmund

Illustrated notes

Levels and vault maps discovered:
D:1:      erik_arrival_blinker_ship, layout_basic,
          minmay_misc_feat_secret_circle, minmay_box_of_dots
D:2:      layout_loops_ring, cheibriados_altar_1, marbit_many_paths,
          makhleb_blood_cavern_becter, uniq_sigmund

Skill      XL: |  1  2  3 |
---------------+----------+-----
Necromancy     | 5 6 |  6.1
Dodging        | |  2.6
Stealth        | |  2.6
Spellcasting   | |  3.9

Action                   |  1- 3 |  4- 6 || total
-------------------------+-------+-------++-------
Melee: Unarmed           |     3 |       ||     3
       Short sword       |    22 |       ||    22
       Spear             |     3 |     2 ||     5
 Cast: Pain              |    30 |     1 ||    31
       Animate Skeleton  |     6 |     3 ||     9
       Vampiric Draining |     1 |     1 ||     2
 Stab: Sleeping          |     2 |     1 ||     3
Armor: Robe              |    13 |       ||    13
Dodge: Dodged            |    44 |     1 ||    45

Table legend: (Time is in decaauts)
 A = Elapsed time spent in this place.
 B = Non-inter-level travel time spent in this place.
 C = Inter-level travel time spent in this place.
 D = Time resting spent in this place.
 E = Time spent auto-exploring this place.
 F = Levels seen in this place.
 G = Mean time per level.
                   A        B        C        D        E       F      G
               +--------+--------+--------+--------+--------+-----+--------+
         Total |   2576 |   2540 |     36 |    885 |   1402 |   2 | 1288.0 |
       Dungeon |   2576 |   2540 |     36 |    885 |   1402 |   2 | 1288.0 |
               +--------+--------+--------+--------+--------+-----+--------+

Top non-repeatable levels by time:
     D:1: 1901 daAuts
     D:2: 675 daAuts
